Map: 애씨드 플랜트 - 래더

Players

LiquidTLO (TLO)

  • Race: Zerg Zerg
  • League: Grandmaster
  • Spawn Location: 5:00

Bunny - Winner!

  • Race: Terran Terran
  • League: Diamond
  • Spawn Location: 11:00

Event: HomeStory Cup XVII

VOD

Have the link to the VOD?

Description

Time

  • Played on: June 28, 2018, 7:09 p.m.
  • Length: 11:30

All games in this series

Show
View Real Time Build Order
Export as new Build Order

LiquidTLO Zerg 

Build Orders: Pool First 

Get SALT Encoding   

  12  0:00  Drone  
  13  0:07  Drone  
  14  0:16  Overlord  
  14  0:35  Drone x2  
  16  0:40  Spawning Pool  
  15  0:43  Drone  
  15  0:46  Drone  
  17  0:57  Drone  
  18  1:11  Hatchery  
  17  1:20  Extractor  
  16  1:27  Zergling x4  
  16  1:28  Zergling x2  
  16  1:31  Queen  
  21  1:40  Overlord  
  21  1:56  Drone  
  22  2:02  Drone  
  22  2:07  Queen  
  25  2:12  Drone  
  26  2:21  Metabolic Boost  
  26  2:25  Drone  
  26  2:28  Drone  
  28  2:34  Drone  
  28  2:35  Drone  
  30  2:39  Drone  
  30  2:40  Drone  
  30  2:42  Queen  
  34  2:45  Drone  
  34  2:47  Drone  
  35  2:58  Drone  
  36  2:59  Overlord  
  35  3:11  Hatchery  
  34  3:15  Overlord  
  34  3:17  Zergling x2  
  34  3:19  Zergling x2  
  36  3:22  Zergling x2  
  36  3:23  Zergling x2  
  36  3:25  Zergling x2  
  39  3:32  Zergling x2  
  40  3:34  Baneling Nest, Zergling x2  
  40  3:37  Zergling x2  
  40  3:41  Overlord  
  41  3:42  Zergling x2  
  41  3:45  Overlord  
  42  3:51  Overlord  
  42  3:54  Zergling x4  
  44  3:56  Zergling x2  
  44  4:00  Zergling x2  
  46  4:04  Zergling x4  
  46  4:05  Zergling x2  
  49  4:10  Zergling x2  
  49  4:12  Drone  
  49  4:16  Drone  
  50  4:22  Drone  
  50  4:24  Drone  
  49  4:27  Drone  
  47  4:32  Zergling x2  
  47  4:34  Zergling x2  
  48  4:39  Zergling x2  
  48  4:41  Zergling x2  
  48  4:42  Drone, Zergling x2  
  48  4:44  Queen  
  48  4:45  Zergling x4  
  51  4:48  Zergling x2  
  49  4:53  Extractor  
  49  4:55  Zergling x4  
  49  4:59  Zergling x2  
  50  5:06  Zergling x4  
  52  5:10  Zergling x2  
  52  5:13  Zergling x2  
  52  5:14  Zergling x2  
  55  5:15  Zergling x2  
  55  5:18  Zergling x4  
  59  5:21  Zergling x2  
  59  5:26  Hatchery  
  59  5:27  Zergling x4  
  60  5:31  Overlord  
  60  5:33  Zergling x4  
  60  5:35  Zergling x2  
  63  5:38  Zergling x2  
  63  5:40  Zergling x2  
  63  5:41  Zergling x2  
  65  5:44  Overlord  
  65  5:56  Overlord  
  66  5:57  Zergling x10  
  70  6:05  Baneling  
  70  6:06  Baneling x6  
  70  6:07  Baneling x2  
  70  6:09  Baneling x3  
  70  6:14  Baneling x4  
  70  6:15  Zergling x2  
  70  6:17  Baneling  
  70  6:18  Baneling  
  71  6:19  Zergling x2  
  71  6:23  Zergling x2  
  71  6:24  Zergling x2  
  71  6:33  Zergling x2  
  71  6:36  Zergling x2  
  71  6:38  Zergling x6  
  71  6:39  Zergling x2  
  75  6:40  Zergling x4  
  75  6:42  Zergling x2  
  75  6:43  Zergling x2  
  75  6:46  Zergling x2  
  68  6:47  Zergling x2  
  68  6:49  Zergling x2  
  68  6:51  Zergling x2  
  68  6:53  Zergling x2  
  64  6:56  Zergling x2  
  64  6:57  Zergling x2  
  64  6:59  Drone  
  65  7:04  Drone  
  65  7:06  Drone  
  67  7:08  Evolution Chamber  
  67  7:12  Drone x2  
  67  7:14  Drone  
  63  7:20  Drone x2  
  63  7:21  Drone  
  61  7:22  Drone  
  61  7:23  Drone  
  61  7:26  Drone  
  61  7:33  Drone  
  61  7:34  Drone x3  
  58  7:39  Drone  
  58  7:41  Drone  
  58  7:42  Drone  
  58  7:43  Drone  
  55  7:48  Zerg Ground Armor Level 1  
  55  7:50  Evolution Chamber  
  53  7:55  Drone  
  53  7:56  Drone  
  50  8:00  Drone x2  
  50  8:02  Queen  
  50  8:03  Zergling x2  
  50  8:05  Zergling x4  
  57  8:06  Zergling x2  
  57  8:12  Zergling x2  
  59  8:13  Zergling x2  
  59  8:14  Zergling x2  
  59  8:15  Zergling x2  
  62  8:21  Queen, Zerg Melee Weapons Level 1  
  62  8:22  Zergling x2  
  62  8:23  Zergling x2  
  62  8:27  Zergling x4  
  67  8:33  Zergling x2  
  69  8:34  Queen, Zergling x2  
  69  8:36  Zergling x2  
  69  8:37  Lair  
  69  8:40  Zergling x2  
  74  8:44  Zergling x2  
  74  8:45  Zergling x2  
  76  8:48  Zergling x2  
  76  8:49  Zergling x2  
  76  8:54  Zergling x2  
  76  8:55  Queen  
  77  8:57  Queen, Drone  
  77  8:58  Drone  
  77  8:59  Drone  
  83  9:05  Drone  
  83  9:06  Overlord  
  83  9:08  Zergling x2  
  83  9:09  Zergling x2  
  84  9:15  Zergling x2  
  85  9:18  Zergling x2  
  85  9:19  Zergling x2  
  85  9:20  Zergling x2  
  85  9:22  Baneling  
  85  9:24  Queen  
  88  9:25  Extractor  
  88  9:26  Drone  
  88  9:30  Baneling, Drone  
  88  9:31  Baneling, Drone  
  92  9:32  Drone  
  92  9:33  Queen  
  92  9:35  Centrifical Hooks  
  92  9:37  Drone  
  92  9:38  Drone  
  97  9:39  Spire, Drone x2  
  97  9:40  Drone  
  97  9:41  Drone  
  97  9:43  Drone x2  
  97  9:44  Overlord  
  102  9:47  Drone x2  
  102  9:52  Drone  
  103  9:53  Drone  
  103  9:54  Drone  
  103  9:57  Overlord  
  103  9:58  Overlord  
  103  10:06  Zergling x8  
  98  10:15  Zergling x8  
  98  10:16  Zergling x4  
  102  10:23  Queen x2, Zergling x2  
  102  10:24  Zergling x2  
  102  10:26  Zergling x2  
  105  10:29  Zergling x2  
  105  10:30  Zergling x2  
  105  10:35  Zergling x2  
  100  10:37  Drone  
  100  10:40  Drone  
  100  10:42  Drone  
  103  10:43  Zergling x2  
  103  10:46  Overlord, Extractor  
  103  10:50  Overlord  
  103  10:51  Zergling x2, Extractor  
  103  10:52  Baneling x2  
  103  10:53  Baneling  
  103  10:55  Overlord  
  102  10:59  Zergling x2  
  102  11:00  Zergling x2  
  102  11:02  Zergling x2  
  102  11:04  Spire, Drone  
  102  11:11  Zergling x2  
  102  11:15  Baneling  
Show
View Real Time Build Order
Export as new Build Order

Bunny Terran - Winner!

Build Orders: Reaper Expand, Hellion Banshee 

Get SALT Encoding   

  12  0:01  SCV  
  13  0:13  SCV  
  14  0:17  Supply Depot  
  14  0:25  SCV  
  15  0:38  SCV  
  15  0:40  Barracks  
  16  0:44  Refinery  
  16  0:50  SCV  
  17  1:03  SCV  
  18  1:15  SCV  
  19  1:27  Orbital Command  
  19  1:29  Reaper  
  20  1:41  Command Center  
  20  1:52  Supply Depot, SCV  
  21  2:01  Marine  
  22  2:05  SCV  
  23  2:09  Factory  
  22  2:17  SCV  
  23  2:23  Barracks Reactor  
  23  2:25  Refinery  
  23  2:29  SCV  
  24  2:41  SCV  
  25  2:53  SCV  
  25  3:03  Starport  
  25  3:04  Orbital Command  
  25  3:05  SCV  
  26  3:08  Hellion x2  
  26  3:12  Barracks Tech Lab  
  30  3:17  SCV  
  31  3:29  Hellion, SCV  
  31  3:30  Hellion, SCV  
  37  3:41  Supply Depot, SCV  
  37  3:42  SCV  
  37  3:47  Viking  
  41  3:53  SCV  
  41  3:54  SCV  
  45  3:55  Hellion  
  45  4:03  Hellion  
  45  4:05  SCV  
  45  4:06  SCV  
  48  4:14  Command Center  
  48  4:18  Hellion  
  51  4:24  SCV x2  
  51  4:25  Hellion  
  51  4:29  Banshee  
  51  4:31  Barracks Tech Lab  
  53  4:36  SCV x2  
  53  4:40  Hellion  
  53  4:46  Hellion  
  53  4:48  SCV x2  
  49  4:56  Supply Depot  
  49  4:58  Supply Depot  
  49  5:00  SCV x2  
  51  5:12  Barracks, SCV  
  51  5:13  Barracks, SCV  
  53  5:15  Marine  
  53  5:20  Factory Reactor  
  54  5:24  SCV  
  54  5:25  Starport Reactor, SCV  
  54  5:27  Orbital Command  
  56  5:33  Engineering Bay  
  56  5:34  Engineering Bay  
  56  5:37  SCV x2  
  56  5:39  Refinery  
  56  5:40  Refinery  
  56  5:41  Marine  
  59  5:49  Orbital Command, SCV x2  
  59  5:59  Marine  
  59  6:01  Marine x2  
  59  6:02  Terran Infantry Armor Level 1, Terran Infantry Weapons Level 1  
  62  6:04  Medivac x2  
  62  6:05  SCV  
  62  6:06  SCV  
  62  6:07  Barracks x2  
  62  6:09  Marine x2  
  70  6:13  Siege Tank  
  70  6:17  Marine  
  70  6:18  Supply Depot  
  74  6:20  Supply Depot  
  74  6:22  Supply Depot  
  74  6:25  Marine  
  75  6:27  Marine  
  75  6:28  Marine  
  75  6:29  Marine  
  76  6:35  Marine  
  70  6:46  Marine  
  67  6:47  Marine  
  67  6:52  Marine  
  64  6:55  Barracks Tech Lab  
  64  6:59  Orbital Command  
  61  7:03  Supply Depot  
  61  7:23  Marine  
  61  7:24  Marine x3  
  61  7:25  Medivac x2  
  61  7:27  Supply Depot  
  61  7:29  Stimpack  
  67  7:30  Siege Tank  
  67  7:33  SCV x2  
  67  7:41  Marine  
  67  7:42  Marine  
  62  7:49  Marine x2  
  64  7:55  Supply Depot  
  64  7:59  Supply Depot  
  64  8:01  Supply Depot  
  64  8:04  Orbital Command, Barracks Reactor x2  
  64  8:05  Barracks Tech Lab  
  64  8:13  Supply Depot  
  64  8:16  Medivac  
  64  8:17  Cyclone  
  69  8:21  Marine x2, SCV x2  
  69  8:22  Supply Depot  
  69  8:26  Marine  
  69  8:27  Combat Shields, Marine  
  74  8:30  SCV  
  74  8:33  SCV x2  
  78  8:38  Supply Depot  
  78  8:39  Armory, Marine x3  
  78  8:40  Marine x2  
  83  8:45  SCV  
  83  8:46  SCV x2  
  86  8:49  Factory Tech Lab  
  86  8:55  Marine  
  85  8:56  Marine  
  85  9:02  SCV x3  
  90  9:03  Marine x4  
  90  9:04  Marine x2  
  95  9:11  Supply Depot  
  95  9:13  Marine  
  95  9:14  Siege Tank  
  95  9:15  Medivac x2  
  95  9:16  Marine  
  101  9:18  SCV  
  101  9:19  SCV x2  
  101  9:23  Refinery  
  104  9:24  Supply Depot  
  104  9:34  SCV x3  
  107  9:39  Marine x6  
  107  9:42  Marine  
  114  9:55  Marine  
  114  9:56  Medivac, Marine  
  114  9:57  Marine x3  
  121  10:00  SCV x3  
  121  10:03  Supply Depot  
  123  10:09  Marine  
  124  10:18  Marine  
  125  10:25  Marine x5, Siege Tank  
  125  10:27  Liberator x2  
  133  10:29  Command Center  
  133  10:30  Barracks  
  133  10:31  Barracks  
  133  10:32  Supply Depot  
  133  10:33  Marine x2  
  133  10:34  Barracks  
  130  10:36  Marine  
  131  10:43  Supply Depot, Marauder  
  131  10:45  Supply Depot x2  
  139  10:50  Sensor Tower  
  139  10:52  Marauder  
  139  10:54  Marine x4  
  145  10:59  Marine  
  145  11:00  Marine  
  143  11:06  Marine  
  148  11:26  Barracks Reactor, Barracks Tech Lab x2  
Tags
 
Add a new tag
Caveats
  • Supply blocks, unpowered buildings, or Contaminate may cause inaccurate times.
  • Supply counts are checked every 10 seconds.